 Dungeon Crawl Stone Soup version 0.21.0-3-g78d12a8 (webtiles) character file.

238 oplop the Chiller (level 6, -3/39 HPs)
             Began as an Octopode Ice Elementalist on Jan 12, 2018.
             Slain by a bullfrog zombie (5 damage)
             ... on level 3 of the Dungeon.
             The game lasted 00:05:05 (3604 turns).

oplop the Chiller (Octopode Ice Elementalist)       Turns: 3604, Time: 00:05:06

Health: -3/39      AC:  3    Str:  7    XL:     6   Next: 7%
Magic:  11/11      EV: 14    Int: 19    God:
Gold:   127        SH:  0    Dex: 13    Spells: 4/12 levels left

rFire    + . .     SeeInvis .   u - +2 hand axe (venom)
rCold    . . .     Gourm    .   (no shield)
rNeg     . . .     Faith    .   p - +2 hat
rPois    .         Spirit   .   (no amulet)
rElec    .         Reflect  .   n - ring of protection from fire
rCorr    .         Harm     .   (no ring)
MR       .....                  (no ring)
Stlth    ++........             (no ring)
HPRegen  0.13/turn              (no ring)
MPRegen  0.12/turn              (no ring)
                                (no ring)
                                (no ring)

@: confused
A: almost no armour, stealthy swim, amphibious, 8 rings, constrict 8, camouflage
1, gelatinous body 1
a: no special abilities


You were on level 3 of the Dungeon.
You were not hungry.

You visited 1 branch of the dungeon, and saw 3 of its levels.

You collected 127 gold pieces.

Inventory:

Hand Weapons
 m - a +0 dagger
 u - a +2 hand axe of venom (weapon)
Armour
 p - a +2 hat (worn)
Jewellery
 n - a ring of protection from fire (left tentacle)
Wands
 k - a wand of random effects (18)
Scrolls
 h - 2 scrolls of teleportation {unknown}
 i - 2 scrolls of amnesia {unknown}
 j - 2 scrolls of magic mapping {unknown}
 l - a scroll of identify {unknown}
 o - 2 scrolls of blinking {unknown}
 r - a scroll of noise {unknown}
 t - a scroll of fog {unknown}
Potions
 c - a potion of haste {unknown}
 d - 5 potions of curing {unknown}
 e - a potion of heal wounds {unknown}
 f - a potion of berserk rage {unknown}
 g - a potion of ambrosia {unknown}
 q - 3 potions of brilliance {unknown}
 s - a potion of might {unknown}
Books
 a - a book of Frost

   Spells                             Type                      Level
   a - Freeze                         Ice                          1
   b - Throw Frost                    Conjuration/Ice              2
   c - Ozocubu's Armour               Charms/Ice                   3
   d - Throw Icicle                   Conjuration/Ice              4
   e - Summon Ice Beast               Ice/Summoning                4
Comestibles
 b - a ration


   Skills:
 + Level 1.8 Fighting
 + Level 2.9 Dodging
 - Level 2.6 Stealth
 * Level 3.5 Spellcasting
   Level 1.0 Conjurations
 * Level 1.2 Summonings
 * Level 4.4 Ice Magic


You had 4 spell levels left.
You knew the following spells:

 Your Spells              Type           Power        Failure   Level  Hunger
a - Freeze                Ice            ###.         2%          1    None
b - Ozocubu's Armour      Chrm/Ice       ##......     17%         3    ###....
c - Summon Ice Beast      Ice/Summ       ##......     41%         4    ####...


Dungeon Overview and Level Annotations

Branches:
Dungeon (3/15)

Altars:
Okawaru
Xom

Annotations:
D:3 Sigmund


Innate Abilities, Weirdness & Mutations

You cannot wear most types of armour.
You are very stealthy in the water. (Stealth+)
You are amphibious.
You can wear up to eight rings at the same time.
You can use your tentacles to constrict eight enemies at once.
Your skin changes colour to match your surroundings (Stealth+).
Your rubbery body absorbs attacks. (AC +1, EV +1)


Message History

The bullfrog zombie hits you. The bullfrog zombie hits you. x2
The bullfrog zombie hits you.
Something tries to affect you, but you resist.
You feel less confused.
The bullfrog zombie hits you but does no damage.
A magic dart appears from out of thin air!
The magic dart hits you! The bullfrog zombie hits you.
* * * LOW HITPOINT WARNING * * *
The bullfrog zombie hits you but does no damage.
Things that are here:
a plate armour; an orc corpse The bullfrog zombie misses you.
A magic dart appears from out of thin air!
The magic dart hits you!
* * * LOW HITPOINT WARNING * * *
You are confused.
The bullfrog zombie hits you.
You die...

................##..####........
.........#......'......#........
.........##.....#....#.#........
....[..........##....#.#).......
..........†[)...................
..........#...........##........
..........#............#########
..........#............##########
.........##....Z@..<.#.#........#
.#.......##.....................#
.#....######......#.♣.♣.#.......#
#..... ...#....................#
....... ..........♣.♣.♣.♣.#######
....#. ............._....# ....
......###.♣.♣.♣.♣.###
....................#
..........#.♣.♣.#...#


You could see a bullfrog zombie.

Vanquished Creatures
  A bullfrog (D:2)
  An orc priest (D:3)
  An orc wizard (D:3)
  4 adders
  4 oozes
  2 worms
  2 dart slugs
  2 leopard geckos (D:1)
  5 orcs (D:3)
  A ball python (D:2)
  7 bats
  3 giant cockroaches
  4 hobgoblins
  6 jackals
  A quokka (D:2)
  3 frilled lizards (D:1)
  4 goblins
  3 kobolds
  5 rats
59 creatures vanquished.

Notes
Turn   | Place    | Note
-------+----------+-------------------------------------------
     0 | D:1      | oplop the Octopode Ice Elementalist began the quest for the Orb.
     0 | D:1      | Reached XP level 1. HP: 11/11 MP: 3/3
   541 | D:1      | Reached XP level 2. HP: 17/17 MP: 5/5
  1631 | D:2      | Found a shimmering altar of Xom.
  1638 | D:2      | Reached XP level 3. HP: 15/22 MP: 4/6
  2025 | D:2      | Reached skill level 1 in Fighting
  2193 | D:2      | Noticed a bullfrog
  2199 | D:2      | Killed a bullfrog
  2199 | D:2      | Reached XP level 4. HP: 19/28 MP: 3/8
  2353 | D:2      | Reached skill level 4 in Ice Magic
  2356 | D:2      | Reached XP level 5. HP: 17/33 MP: 3/9
  2429 | D:2      | Learned a level 3 spell: Ozocubu's Armour
  2434 | D:2      | Learned a level 4 spell: Summon Ice Beast
  3057 | D:3      | Found an iron altar of Okawaru.
  3225 | D:3      | Reached skill level 1 in Summonings
  3423 | D:3      | Reached XP level 6. HP: 24/39 MP: 5/11
  3581 | D:3      | Noticed Sigmund
  3604 | D:3      | Slain by a bullfrog zombie

Skill      XL: |  1  2  3  4  5 |
---------------+----------------+-----
Fighting       | 1 |  1.8
Spellcasting   | 3 |  3.5
Ice Magic      | 4 |  4.4
Summonings     | 1 |  1.2
Dodging        | |  2.9
Stealth        | |  2.6
Conjurations   | |  1.0

Action                   |  1- 3 |  4- 6 || total
-------------------------+-------+-------++-------
Melee: Unarmed           |    64 |    73 ||   137
       Tentacles         |    15 |     9 ||    24
       Constrict         |    20 |    19 ||    39
       Hand axe          |       |     1 ||     1
 Cast: Freeze            |    21 |    33 ||    54
       Ozocubu's Armour  |       |     3 ||     3
 Stab: Sleeping          |     5 |     6 ||    11
  Eat: Chunk             |     1 |     4 ||     5
       Ration            |     1 |       ||     1
Armor: Skin              |     7 |    24 ||    31
Dodge: Dodged            |    56 |    83 ||   139
